 Dungeon Crawl Stone Soup version 0.29.1-1-gd02db6906a (webtiles) character file.

Game seed: 1862259273590728122

242 brightshaft the Shooter (level 5, -5/27 HPs)
             Began as a Spriggan Hunter on Oct 4, 2022.
             Was an Initiate of Gozag.
             Killed by divine providence
             ... invoked by an orc priest
              (13 damage)
             ... on level 7 of the Dungeon.
             The game lasted 00:05:41 (2307 turns).

brightshaft the Shooter (Spriggan Hunter)           Turns: 2307, Time: 00:05:42

Health: -5/27      AC:  2    Str:  7    XL:     5   Next: 82%
Magic:  6/6        EV: 19    Int: 11    God:    Gozag
Gold:   346        SH:  0    Dex: 20    Spells: 4/4 levels left

rFire   . . .      SeeInvis +   b - +0 short sword
rCold   . . .      Faith    .   (no shield)
rNeg    . . .      Spirit   .   c - +0 robe
rPois   .          Reflect  .   (helmet restricted)
rElec   .          Harm     .   (no cloak)
rCorr   .          Rampage  .   (gloves unavailable)
Will    .....                   (boots unavailable)
Stlth   +++.......              k - amulet of regeneration
HPRegen 0.89/turn               (no ring)
MPRegen 0.10/turn               (no ring)

@: mighty, very quick
A: very small, no large weapons, unfitting armour, see invisible, speed 3
a: Renounce Religion, Potion Petition, Call Merchant, Bribe Branch


You were on level 7 of the Dungeon.
You worshipped Gozag.
Gozag was aware of your devotion.
You visited 1 branch of the dungeon, and saw 5 of its levels.

You collected 359 gold pieces.
You paid 13 gold pieces to Gozag.

Inventory:

Hand Weapons
 a - a +0 arbalest
 b - a +0 short sword (weapon)
 r - a +0 shortbow
Armour
 c - a +0 robe (worn)
Jewellery
 e - a ring of fire
 k - an amulet of regeneration (around neck)
 y - a ring of resist corrosion
Scrolls
 d - 3 scrolls of amnesia
 l - 3 scrolls of teleportation {unknown}
 p - 3 scrolls of immolation
 q - 10 scrolls of identify
 s - 2 scrolls of butterflies {unknown}
 t - 2 scrolls of brand weapon {unknown}
 v - 3 scrolls of poison {unknown}
 w - a scroll of enchant weapon {unknown}
 x - a scroll of noise {unknown}
Potions
 f - 2 potions of might
 g - 2 potions of magic
 h - 3 potions of resistance {unknown}
 i - 2 potions of brilliance {unknown}
 j - 2 potions of lignification {unknown}
 m - 3 potions of heal wounds {unknown}
 n - a potion of cancellation {unknown}
 o - a potion of curing {unknown}
 u - 2 potions of berserk rage {unknown}


   Skills:
 + Level 2.6 Fighting
 * Level 5.5 Ranged Weapons
 + Level 4.2 Dodging
 + Level 4.3 Stealth


You had 4 spell levels left.
You didn't know any spells.
Your spell library contained the following spells:

 Spells                   Type           Power      Damage    Failure   Level
 Fireball                 Conj/Fire      0%         3d3       100%        5
 Iskenderun's Battlesphe  Conj           0%         2d6       100%        5
 Conjure Ball Lightning   Conj/Air       0%         3x3d6     100%        6
 Orb of Destruction       Conj           0%         9d5       100%        7


Dungeon Overview and Level Annotations

Branches:
Dungeon (4/15)
 Temple: D:4-7

Altars:
Gozag
Ru
Vehumet
Yredelemnul

Shops:
D:7 *


Innate Abilities, Weirdness & Mutations

You are very small and have problems with some larger weapons.
You are too small for most types of armour.
You have supernaturally acute eyesight. (SInv)
You cover ground extremely quickly. (Speed+++)


Message History

Pain shoots through your body!
The orc priest begins to cast a cantrip, but forgets the words!
You shoot a bolt.
The bolt hits the orc priest but does no damage.
The orc priest is moderately wounded.
The orc priest invokes the aid of Beogh against you.
Pain shoots through your body!
You shoot a bolt. The bolt barely misses the orc priest.
The orc priest invokes the aid of Beogh against you.
Pain shoots through your body!
You are too injured to fight recklessly!
You are too injured to fight recklessly!
You are too injured to fight recklessly!
You are too injured to fight recklessly!
You are too injured to fight recklessly!
Fire: a) +0 arbalest
Press: ? - help, Q - select action, (/) - cycle Shift-Dir - straight line, f/p - orc priest
Aim: an orc priest, wielding a +0 club (moderately wounded, 60% to hit)
You shoot a bolt.
The bolt hits the orc priest but does no damage.
The orc priest is moderately wounded.
The orc priest hits you with a +0 club.
* * * LOW HITPOINT WARNING * * *
The orc priest hits you with a +0 club.
* * * LOW HITPOINT WARNING * * *
It was a potion of might.
You feel very mighty all of a sudden.
The orc priest calls down the wrath of Beogh upon you.
You resist with significant effort.
b - a +0 short sword (weapon)
You barely miss the orc priest. You punch the orc priest.
The orc priest is almost dead.
The orc priest hits you with a +0 club.
* * * LOW HITPOINT WARNING * * *
You closely miss the orc priest.
The orc priest is almost dead.
The orc priest mumbles some strange prayers to Beogh against you.
Beogh smites you!
You die...
Your body crumbles into a pile of gold.

######## .$....#
#$.#.###########
#o..##.........
######.@.##.########
.!.......##.#
.###...#.##.###
......#.......#
.###.###.####.####
#.# #... #....# ##
#.#.. #..#.# #.
......#.# ..
#....##.#


You could see an orc priest.

Vanquished Creatures
  A necrophage (D:4)
  An orc priest (D:7)
  An iguana (D:2)
  Jessica (D:2)
  A gnoll (D:1)
  2 worms
  A dart slug (D:2)
  4 orcs
  7 endoplasms
  2 giant cockroaches
  6 goblins
  10 hobgoblins
  6 jackals
  4 quokkas
  4 ball pythons
  5 bats (D:1)
  5 frilled lizards
  8 kobolds
  7 rats
76 creatures vanquished.

Vanquished Creatures (others)
  A plant (D:1)
1 creature vanquished.

Grand Total: 77 creatures vanquished

Notes
Turn   | Place    | Note
-------+----------+-------------------------------------------
     0 | D:1      | brightshaft the Spriggan Hunter began the quest for the
                  | Orb.
     0 | D:1      | Reached XP level 1. HP: 10/10 MP: 2/2
    77 | D:1      | Reached XP level 2. HP: 15/15 MP: 3/3
   334 | D:1      | Reached XP level 3. HP: 18/18 MP: 4/4
  1015 | D:2      | Noticed Jessica
  1017 | D:2      | Killed Jessica
  1018 | D:2      | Reached XP level 4. HP: 23/23 MP: 5/5
  1074 | D:2      | Found an opulent altar of Gozag.
  1090 | D:2      | Became a worshipper of Gozag Ym Sagoz the Greedy
  1433 | D:3      | Reached skill level 5 in Ranged Weapons
  1597 | D:3      | Found a faded altar of an unknown god.
  1813 | D:3      | Found a sacrificial altar of Ru.
  1813 | D:3      | Found a basalt altar of Yredelemnul.
  1814 | D:3      | Found a radiant altar of Vehumet.
  2034 | D:4      | Reached XP level 5. HP: 27/27 MP: 6/6
  2269 | D:4      | You fall into a shaft and drop 3 floors!
  2289 | D:7      | Found Wiusoisch's General Store.
  2307 | D:7      | Killed from afar by an orc priest

Illustrated notes

Levels and vault maps discovered:
D:1:      dpeg_arrival_leaves_temple_mockup, layout_loops_ring,
          minmay_misc_feat_plants, serial_bayou_pond_e
D:2:      layout_basic, basic_altar, minmay_misc_feat_iff, uniq_jessica
D:3:      wad_crossroads, layout_basic, gammafunk_temple_overflow_claw,
          ebering_ecumenical_altar_sacrificial
D:4:      layout_loops_cross
D:7:      layout_loops_ring, minmay_temple_entry_sparse_star, serial_shops,
          nicolae_shop_stone, minmay_misc_feat_x

Skill      XL: |  1  2  3  4  5 |
---------------+----------------+-----
Stealth        | 2 3 4 |  4.3
Dodging        | 3 4 |  4.2
Fighting       | 2 |  2.6
Ranged Weapons | 5 |  5.5

Action                   |  1- 3 |  4- 6 || total
-------------------------+-------+-------++-------
Melee: Short sword       |       |     2 ||     2
       Punch             |       |     1 ||     1
 Fire: Shortbow          |    81 |    26 ||   107
       Arbalest          |       |    77 ||    77
  Use: Scroll            |     3 |       ||     3
       Potion            |       |     1 ||     1
Armor: Robe              |     3 |     6 ||     9
Dodge: Dodged            |    22 |    61 ||    83
